 Dungeon Crawl Stone Soup version 0.31.0-11-ge490571c62 (webtiles) character file.

Game seed: 11160702716434534126

85 qw the Shooter (level 4, -1/22 HPs)
             Began as a Spriggan Hunter on Feb 3, 2024.
             Slain by Grinder (3 damage)
             ... while paralysed by Grinder
             ... on level 3 of the Dungeon.
             The game lasted 00:00:06 (1719 turns).

qw the Shooter (Spriggan Hunter)                    Turns: 1719, Time: 00:00:06

Health: -1/22      AC:  2    Str:  7    XL:     4   Next: 25%
Magic:  5/5        EV:  4    Int: 10    God:
Gold:   67         SH:  0    Dex: 20    Spells: 3/3 levels left

rFire   . . .        a - +0 shortbow
rCold   . . .        (shield currently unavailable)
rNeg    . . .        c - +0 robe
rPois   .            (helmet restricted)
rElec   .            (no cloak)
rCorr   .            (gloves unavailable)
SInv    +            (boots unavailable)
Will    .....        (no amulet)
Stlth   ++           (no ring)
HPRegen 0.23/turn    (no ring)
MPRegen 0.09/turn

%: no passive effects
@: paralysed, very quick
A: very small, no large weapons, unfitting armour, see invisible, speed 3
a: no special abilities


You were on level 3 of the Dungeon.
You visited 1 branch of the dungeon, and saw 3 of its levels.

You collected 67 gold pieces.


Innate Abilities, Weirdness & Mutations

You are very small and have problems with some larger weapons.
You are too small for most types of armour.
You have supernaturally acute eyesight. (SInv)
You cover ground extremely quickly. (Speed+++)


   Skills:
 - Level 1.5 Fighting
 - Level 5.1 Ranged Weapons
 + Level 4.4 Dodging
 - Level 1.5 Stealth


You had 3 spell levels left.
You didn't know any spells.
Your spell library was empty.

Inventory:

Hand Weapons
 a - a +0 shortbow (weapon)
Armour
 c - a +0 robe (worn)
Potions
 f - a potion of might
 j - a potion of heal wounds

Dungeon Overview and Level Annotations

Branches:
Dungeon (3/15)

Altars:

Annotations:
D:3 Grinder


Message History

There is a stone staircase leading up here.
There are monsters nearby!
Waypoint 2 assigned to D:3.
You shoot an arrow. The arrow hits the ball python.
You kill the ball python!
Grinder shouts!
The ball python hisses angrily.
You shoot an arrow. The arrow closely misses Grinder.
Grinder blinks!
You shoot an arrow. The arrow closely misses Grinder.
You shoot an arrow. The arrow hits Grinder.
Grinder is lightly wounded.
1708 ||| STAIRDANCE Grinder blinks!
The ball python misses you. The ball python completely misses you.
You climb upwards.
There is a stone staircase leading down here.
You shoot an arrow.
The arrow closely misses the ball python.
The ball python misses you. x2
You shoot an arrow. The arrow hits the ball python.
You kill the ball python!
You climb downwards.
Level annotation: Grinder The hobgoblin shouts!
There is a stone staircase leading up here.
You shoot an arrow. The arrow hits Grinder.
Grinder is lightly wounded.
You shoot an arrow. The arrow hits Grinder.
Grinder is moderately wounded.
Grinder gestures at you.
You struggle to resist.
You shoot an arrow. The arrow closely misses Grinder.
Grinder gestures at you.
You suddenly lose the ability to move!
The hobgoblin hits you.
Grinder says, "Don't move a muscle."
Grinder hits you.
You writhe in agony.
The hobgoblin hits you.
The hobgoblin hits you but does no damage.
Grinder hits you.
You writhe in agony.
You die...
Grinder sighs, "Dead already?
I want a refund."

############
.....#.....##
.........?..##
.............#
.............#
......5......#
......g@.....#
............)#
.............#
....%.......##
....?......##
####.#######
.. #.#


You could see Grinder and a hobgoblin.

Vanquished Creatures
  3 gnolls (D:2)
  2 dart slugs (D:2)
  3 endoplasms
  3 giant cockroaches (D:1)
  4 goblins
  5 hobgoblins
  7 jackals
  A quokka (D:1)
  4 ball pythons
  2 bats (D:2)
  3 frilled lizards
  9 kobolds
  3 rats (D:1)
49 creatures vanquished.

Notes
Turn   | Place    | Note
-------+----------+-------------------------------------------
     0 | D:1      | qw the Spriggan Hunter began the quest for the Orb.
     0 | D:1      | Reached XP level 1. HP: 10/10 MP: 2/2
     0 | D:1      | 0 ||| qw: Version: 0.3-a-158-g18b3111
     0 | D:1      | 0 ||| qw: Game counter: 4268
     0 | D:1      | 0 ||| qw: Melee chars always use a shield: true
     0 | D:1      | 0 ||| qw: God list: Okawaru
     0 | D:1      | 0 ||| qw: Allow faded altars: false
     0 | D:1      | 0 ||| qw: Do Orc after clearing Dungeon:15 true
     0 | D:1      | 0 ||| qw: Do second Lair branch before Depths: true
     0 | D:1      | 0 ||| qw: Lair rune preference: random
     0 | D:1      | 0 ||| qw: Goals: Normal
     0 | D:1      | 0 ||| PLANNING D:1-11
    74 | D:1      | Reached skill level 3 in Dodging
   153 | D:1      | Reached XP level 2. HP: 14/14 MP: 3/3
   700 | D:1      | 700 ||| READING 3 scrolls labelled YNUASTR FYEFARR.
   700 | D:1      | 700 ||| IDENTIFYING bubbling ruby potion
   701 | D:1      | 701 ||| READING 2 scrolls of identify.
   701 | D:1      | 701 ||| IDENTIFYING lumpy silvery potion
   702 | D:1      | 702 ||| DROPPING scroll of butterflies.
   703 | D:1      | 703 ||| DROPPING potion of attraction.
   756 | D:2      | Reached XP level 3. HP: 18/18 MP: 4/4
  1332 | D:2      | Reached skill level 5 in Ranged Weapons
  1337 | D:2      | Reached XP level 4. HP: 22/22 MP: 5/5
  1682 | D:2      | 1682 ||| READING 3 scrolls of identify.
  1682 | D:2      | 1682 ||| IDENTIFYING fuming pink potion
  1683 | D:2      | 1683 ||| READING 2 scrolls of identify.
  1683 | D:2      | 1683 ||| IDENTIFYING dark potion
  1684 | D:2      | 1684 ||| READING scroll of identify.
  1684 | D:2      | 1684 ||| IDENTIFYING scroll labelled MOFIOCS PEAB
  1685 | D:2      | 1685 ||| READING scroll labelled VIETAC CARES.
  1686 | D:2      | 1686 ||| READING 2 scrolls labelled KALLUPT EKUJO.
  1687 | D:2      | 1687 ||| READING scroll labelled YNTOOLO MAPY.
  1690 | D:2      | 1690 ||| DROPPING scroll of revelation.
  1691 | D:2      | 1691 ||| DROPPING scroll of fear.
  1692 | D:2      | 1692 ||| DROPPING potion of brilliance.
  1703 | D:3      | Noticed Grinder
  1708 | D:3      | 1708 ||| STAIRDANCE
  1716 | D:3      | Paralysed by Grinder for 4 turns
  1719 | D:3      | HP: 2/22 [Grinder (6)]
  1719 | D:3      | Slain by Grinder

Levels and vault maps discovered:
D:1:      minmay_arrival_four_houses, layout_loops_ring, hangedman_decor_lopped,
          serial_park_tiny_1
D:2:      layout_loops_corners, kennysheep_cross_bottleneck,
          chequers_serial_rivers_micro_e
D:3:      layout_rooms, grunt_temple_overflow_growth_and_decay,
          nicolae_tso_besieged_by_evil, uniq_jessica, uniq_grinder

Skill      XL: |  1  2  3 |
---------------+----------+-----
Dodging        | 3 4 |  4.4
Ranged Weapons | 5 |  5.1
Fighting       | |  1.5
Stealth        | |  1.5

Action                     |  1- 3 |  4- 6 || total
---------------------------+-------+-------++-------
   Fire: Shortbow          |   134 |    20 ||   154
    Use: Scroll            |     2 |     6 ||     8
 Armour: Robe              |    12 |     8 ||    20
  Dodge: Dodged            |    36 |    10 ||    46

Table legend:
 A = Non-vault XP
 B = Vault XP
 C = Vault XP percentage of total XP
 D = Non-vault monster count
 E = Vault monster count
 F = Vault count percentage of total count
                 A         B        C        D         E       F
            +---------+---------+-------+---------+---------+-------
      Total |     122 |       0 |   0.0 |      49 |       0 |   0.0
            +---------+---------+-------+---------+---------+-------
        D:1 |      38 |       0 |   0.0 |      23 |       0 |   0.0
        D:2 |      83 |       0 |   0.0 |      25 |       0 |   0.0
        D:3 |       1 |       0 |   0.0 |       1 |       0 |   0.0
            +---------+---------+-------+---------+---------+-------
